 Dungeon Crawl Stone Soup version 0.25.1-2-g60ff931df9 (webtiles) character file.

Game seed: 4497036113998760579

178 Colgate the Covert (level 5, 24/24 HPs)
             Began as a Spriggan Enchanter on Sept 7, 2020.
             Was a Follower of Dithmenos.
             Quit the game on level 4 of the Dungeon on Sept 8, 2020.
             The game lasted 00:32:43 (4162 turns).

Colgate the Covert (Spriggan Enchanter)             Turns: 4162, Time: 00:32:43

Health: 24/24      AC:  2    Str:  4    XL:     5   Next: 32%
Magic:  10/10      EV: 18    Int: 17    God:    Dithmenos [*.....]
Gold:   102        SH:  0    Dex: 17    Spells: 3/10 levels left

rFire    . . .     SeeInvis +   j - +1 dagger (flame)
rCold    . . .     Gourm    .   (shield restricted)
rNeg     . . .     Faith    .   b - +0 robe
rPois    .         Spirit   .   (helmet restricted)
rElec    .         Reflect  .   (no cloak)
rCorr    .         Harm     .   (gloves unavailable)
MR       .....                  (boots unavailable)
Stlth    ++++++....             (no amulet)
HPRegen  0.08/turn              k - ring of stealth
MPRegen  0.12/turn              (no ring)

@: wreathed by umbra, very quick
A: very small, unfitting armour, see invisible, herbivore, speed 3, slow
metabolism 2
a: Renounce Religion


You were on level 4 of the Dungeon.
You worshipped Dithmenos.
Dithmenos was aware of your devotion.
You were not hungry.

You visited 1 branch of the dungeon, and saw 4 of its levels.

You collected 102 gold pieces.

Inventory:

Hand Weapons
 a - a +1 dagger
 j - a +1 dagger of flaming (weapon)
Missiles
 e - 13 poisoned darts (quivered)
 f - 64 stones
 n - 54 arrows
 s - 36 bolts
Armour
 b - a +0 robe (worn)
Jewellery
 k - a ring of stealth (left hand)
Wands
 w - a wand of acid (10)
Scrolls
 c - 2 scrolls of amnesia {unknown}
 g - 3 scrolls of remove curse {unknown}
 i - a scroll of magic mapping {unknown}
 m - 2 scrolls of identify {unknown}
 o - a scroll of noise {unknown}
 p - 5 scrolls of teleportation {unknown}
 r - a scroll of fear {unknown}
 t - 3 scrolls of blinking {unknown}
Potions
 h - 2 potions of curing {unknown}
 l - a potion of brilliance {unknown}
 q - 3 potions of stabbing {unknown}
 u - a potion of ambrosia {unknown}
 v - a potion of might {unknown}
Comestibles
 d - 2 rations


   Skills:
 - Level 1.1 Short Blades
 - Level 3.0 Dodging
 + Level 9.0 Stealth
 - Level 3.0 Spellcasting
 - Level 4.0 Hexes


You had 3 spell levels left.
You knew the following spells:

 Your Spells              Type           Power        Failure   Level  Hunger
a - Corona                Hex            ###....      3%          1    None
b - Ensorcelled Hibernat  Hex/Ice        #.....       12%         2    ##.....
c - Confusing Touch       Hex            ###.....     10%         3    ###....
d - Magic Dart            Conj           #...         17%         1    None

Your spell library contained the following spells:

 Spells                   Type           Power        Failure   Level  Hunger
 Tukima's Dance           Hex            ###.....     10%         3    ###....
 Dazzling Flash           Conj/Hex       #.....       22%         3    ###....
 Searing Ray              Conj           #.....       26%         2    ##.....
 Fulminant Prism          Conj/Hex       #.........   58%         4    ####...
 Iskenderun's Mystic Bla  Conj/Tloc      #.......     86%         4    ####...


Dungeon Overview and Level Annotations

Branches:
Dungeon (4/15)
 Temple: D:4-7

Altars:
Ashenzari
Cheibriados
Dithmenos
Yredelemnul


Innate Abilities, Weirdness & Mutations

You are very small and have problems with some larger weapons.
You are too small for most types of armour.
You have supernaturally acute eyesight. (SInv)
You are a herbivore.
You cover ground extremely quickly.
You need to consume almost no food.


Message History

No target in view!
No target in view!
You eat one of the 3 rations.
That ration really hit the spot!
An adder comes into view.
Found a stone staircase leading down.
The helpless adder fails to defend itself.
You impale the adder!! You burn the adder.
You kill the adder!
Dithmenos accepts your kill.
Your Stealth skill increases to level 9!
Found an escape hatch in the ceiling.
You see here an adder corpse.
There is a stone staircase leading down here.
An orc and an orc priest come into view.
An orc comes into view. It is wielding a +0 dagger.
Found 22 stones.
Welcome back, Colgate the Spriggan Enchanter.
Dithmenos says: Spread the eternal night.
Press ? for a list of commands and other information.
Are you sure you want to abandon this character and quit the game? (Confirm with "yes".)

####.....# ..
(o##..
#.....##...
o.o.. #.........
..?. #.....##.
.... #......# #
#.. #......#
##.##.<#######.#
...............#
.......@.....†##
............>..#
#########.##..##
#######


You could see an orc priest (asleep) and 2 orcs.

Vanquished Creatures
  Jessica (D:2)
  A hound skeleton (D:4)
  4 adders
  An ooze (D:1)
  A worm (D:3)
  2 dart slugs
  7 leopard geckos
  5 bats
  2 giant cockroaches
  12 goblins
  8 hobgoblins
  8 jackals
  7 quokkas
  4 frilled lizards
  9 kobolds
  8 rats
80 creatures vanquished.

Notes
Turn   | Place    | Note
-------+----------+-------------------------------------------
     0 | D:1      | Colgate the Spriggan Enchanter began the quest for the Orb.
     0 | D:1      | Reached XP level 1. HP: 9/9 MP: 5/5
   291 | D:1      | Reached skill level 5 in Stealth
   670 | D:1      | Reached XP level 2. HP: 13/13 MP: 6/6
   674 | D:1      | Learned a level 2 spell: Ensorcelled Hibernation
   959 | D:1      | Reached skill level 6 in Stealth
  1314 | D:1      | Reached XP level 3. HP: 16/16 MP: 8/8
  1361 | D:1      | Learned a level 3 spell: Confusing Touch
  1574 | D:2      | Found a shadowy altar of Dithmenos.
  1578 | D:2      | Became a worshipper of Dithmenos the Shadowed
  1608 | D:2      | Found a shattered altar of Ashenzari.
  1709 | D:2      | Found a snail-covered altar of Cheibriados.
  2140 | D:2      | Reached skill level 7 in Stealth
  2412 | D:2      | Noticed Jessica
  2420 | D:2      | Killed Jessica
  2420 | D:2      | Reached XP level 4. HP: 21/21 MP: 6/9
  2526 | D:2      | Found a basalt altar of Yredelemnul.
  2952 | D:3      | Reached * piety under Dithmenos
  2959 | D:3      | Reached skill level 8 in Stealth
  3618 | D:3      | Reached XP level 5. HP: 24/24 MP: 1/10
  3782 | D:3      | Learned a level 1 spell: Magic Dart
  4154 | D:4      | Reached skill level 9 in Stealth
  4162 | D:4      | Quit the game

Illustrated notes

Levels and vault maps discovered:
D:1:      dpeg_arrival_arbitrary_b, layout_basic
D:2:      layout_loops_ring, marbit_many_paths, nicolae_ashenzari_panopticon,
          grunt_dithmenos_smoke_and_mirrors, nicolae_overflow_crystal_walls,
          minmay_misc_feat_iff, uniq_jessica
D:3:      layout_rooms
D:4:      layout_gridville, nicolae_overflow_hidden_temple,
          nicolae_ru_sacrificial_ziggurat

Skill      XL: |  1  2  3  4  5 |
---------------+----------------+-----
Stealth        | 5 6 7 8 9 |  9.0
Spellcasting   | 3 |  3.0
Hexes          | 4 |  4.0
Short Blades   | |  1.1
Dodging        | |  3.0

Action                   |  1- 3 |  4- 6 || total
-------------------------+-------+-------++-------
Melee: Dagger            |    89 |   108 ||   197
 Cast: Corona            |    15 |    22 ||    37
       Ensorcelled Hiber |    15 |     7 ||    22
       Magic Dart        |       |     7 ||     7
       Confusing Touch   |       |     1 ||     1
 Stab: Sleeping          |    24 |    14 ||    38
       Distracted        |     4 |       ||     4
       Confused          |       |     1 ||     1
  Eat: Ration            |       |     2 ||     2
Armor: Robe              |     8 |     8 ||    16
Dodge: Dodged            |    52 |    81 ||   133
